AoeStats
← GreatPerson25

Arabia

508753993Analyzed
1v1 RM · 7d ago on Sep 23, 2026· 26m 13s· 2 players
Game mode
Random Map
Map size
Tiny (2 player)
Population
200
Speed
Normal
Resources
Standard
Victory
Conquest
Starting age
Dark Age
Ending age
Imperial Age
RankedLock teamsTeams togetherTeam positionsShared explorationLock speedFull tech treeHidden civsTurbo modeCheats
Victory
Defeat
🇺🇸 Franks · United States
1669
+14
🇹🇷 Cumans · Türkiye
1615
-14
DaRKN'
5:46 Loom
8:22 Feudal Age
9:32 Double-Bit Axe
9:30 Horse Collar
23:41 Castle Age
22:13 Scale Mail Armor
22:48 Scale Barding Armor
23:36 Bloodlines
24:22 Wheelbarrow
24:41 Forging
GreatPerson25
5:57 Loom
8:43 Feudal Age
9:27 Double-Bit Axe
15:48 Gold Mining
19:07 Castle Age
19:14 Scale Barding Armor
20:13 Bow Saw
20:28 Chain Barding Armor
Connection lost

Rejoining the realm…

Still unreachable

The connection could not be restored.

Session expired

The server has moved on; the page needs a fresh start.